 Dungeon Crawl Stone Soup version 0.27-a0-1149-g4505690ab0 (webtiles) character file.

Game seed: 2321760900893720558

349 Armakuni the Skirmisher (level 6, -1/55 HPs)
             Began as a Human Monk on May 12, 2021.
             Slain by a water moccasin skeleton (7 damage)
             ... on level 5 of the Dungeon.
             The game lasted 00:09:24 (3803 turns).

Armakuni the Skirmisher (Human Monk)                Turns: 3803, Time: 00:09:24

Health: -1/55      AC:  6    Str: 13    XL:     6   Next: 92%
Magic:  6/6        EV: 13    Int: 11    God:
Gold:   214        SH:  0    Dex: 15    Spells: 5/5 levels left

rFire    + . .     SeeInvis .   a - +1 trident
rCold    + . .     Faith    .   (no shield)
rNeg     . . .     Spirit   .   i - +2 robe {rC+}
rPois    +         Reflect  .   f - +0 helmet
rElec    .         Harm     .   (no cloak)
rCorr    .         Rampage  .   d - +0 pair of gloves
Will     .....                  (no boots)
Stlth    ++........             (no amulet)
HPRegen  0.18/turn              F - ring of protection from fire
MPRegen  0.10/turn              P - ring of poison resistance

@: no status effects
A: no striking features
a: no special abilities


You were on level 5 of the Dungeon.
You visited 1 branch of the dungeon, and saw 5 of its levels.

You collected 214 gold pieces.

Inventory:

Hand Weapons
 a - a +1 trident (weapon)
 b - a +1 whip of venom
Missiles
 g - 12 poisoned darts (quivered)
 k - a throwing net
Armour
 d - a +0 pair of gloves (worn)
 f - a +0 helmet (worn)
 i - a +2 robe of cold resistance (worn)
Magical Staves
 j - a staff of death
Jewellery
 n - a ring of flight
 F - a ring of protection from fire (left hand)
 P - a ring of poison resistance (right hand)
Scrolls
 c - 2 scrolls of noise
 l - a scroll of immolation
Potions
 e - 4 potions of curing


   Skills:
 + Level 7.0 Fighting
 - Level 3.0 Polearms
 - Level 3.0 Dodging
 - Level 2.5 Stealth


You had 5 spell levels left.
You didn't know any spells.
Your spell library was empty.

Dungeon Overview and Level Annotations

Branches:
Dungeon (5/15)
 Temple: D:4-7

Altars:
Gozag

Shops:
D:1 !   D:3 :


Message History

* * * LOW HITPOINT WARNING * * *
You puncture the wyvern skeleton!
The wyvern skeleton is moderately damaged.
The wyvern skeleton barely misses you.
You feel much better.
The wyvern skeleton completely misses you.
The wyvern skeleton bites you.
You hit the wyvern skeleton.
The wyvern skeleton is heavily damaged.
The wyvern skeleton bites you but does no damage.
You feel much better. The wyvern skeleton bites you!
You hit the wyvern skeleton.
The wyvern skeleton is severely damaged.
The wyvern skeleton bites you! x2
You puncture the wyvern skeleton!
The wyvern skeleton is almost destroyed.
The wyvern skeleton closely misses you.
You hit the wyvern skeleton.
You destroy the wyvern skeleton!
Your Fighting skill increases to level 7!
You closely miss the water moccasin skeleton.
The water moccasin skeleton bites you.
* * * LOW HITPOINT WARNING * * *
You hit the water moccasin skeleton but do no damage.
The water moccasin skeleton bites you.
* * * LOW HITPOINT WARNING * * *
The water moccasin skeleton closely misses you.
You puncture the water moccasin skeleton!
The water moccasin skeleton is moderately damaged.
The water moccasin skeleton misses you.
You hit the water moccasin skeleton.
The water moccasin skeleton is moderately damaged.
The water moccasin skeleton bites you.
* * * LOW HITPOINT WARNING * * *
You puncture the water moccasin skeleton!
The water moccasin skeleton is heavily damaged.
The water moccasin skeleton bites you.
* * * LOW HITPOINT WARNING * * *
The water moccasin skeleton bites you!
You die...

### # #<#####.#
#.########.......#
#...(..Z@......#.#
#.##..########.#
#....Z# #
#........
#..$.......
...........
............
#.####....... #.
#######


You could see a water moccasin skeleton.

Vanquished Creatures
  2 wyvern skeletons (D:5)
  A bullfrog skeleton (D:5)
  Jessica (D:3)
  Robin (D:3)
  3 gnolls
  4 adders
  A shadow imp (D:4)
  A worm (D:3)
  4 dart slugs
  4 orcs
  5 ball pythons
  6 endoplasms
  4 giant cockroaches
  19 goblins
  6 hobgoblins
  5 jackals
  6 kobolds
  5 quokkas
  7 bats
  2 frilled lizards
  A jackal skeleton (D:4)
  4 rats
92 creatures vanquished.

Notes
Turn   | Place    | Note
-------+----------+-------------------------------------------
     0 | D:1      | Armakuni the Human Monk began the quest for the Orb.
     0 | D:1      | Reached XP level 1. HP: 18/18 MP: 1/1
    19 | D:1      | Found Jeifam's Distillery.
    42 | D:1      | Reached XP level 2. HP: 20/24 MP: 2/2
   399 | D:1      | Reached XP level 3. HP: 28/30 MP: 3/3
   981 | D:2      | You fall into a shaft and drop 1 floor!
   990 | D:3      | Reached skill level 4 in Fighting
  1001 | D:4      | Found an opulent altar of Gozag.
  1092 | D:3      | Reached XP level 4. HP: 36/38 MP: 4/4
  1346 | D:2      | Found a faded altar of an unknown god.
  2009 | D:3      | Noticed Jessica
  2010 | D:3      | Found Jannuy Velo's Book Emporium.
  2022 | D:3      | Killed Jessica
  2023 | D:3      | Reached skill level 5 in Fighting
  2092 | D:3      | Noticed Robin
  2111 | D:3      | Reached XP level 5. HP: 44/44 MP: 5/5
  2158 | D:3      | Killed Robin
  3461 | D:4      | Identified the +0 leather armour of Hadjma {rC- Regen+
                  | Str-5 Dex+10}
  3496 | D:4      | Reached skill level 6 in Fighting
  3496 | D:4      | Reached XP level 6. HP: 50/52 MP: 6/6
  3763 | D:5      | Entered Level 5 of the Dungeon
  3799 | D:5      | Reached skill level 7 in Fighting
  3803 | D:5      | Slain by a water moccasin skeleton

Illustrated notes

Levels and vault maps discovered:
D:1:      minmay_arrival_radiant_lines, layout_loops_ring, serial_shops, shop,
          amcnicky_mini_pool_small
D:2:      layout_loops_ring, basic_ecumenical_altar
D:3:      minmay_diamond_boxcup, layout_loops_cross, serial_shops, shop,
          st_stairs_1, hex_large, uniq_jessica, uniq_robin
D:4:      layout_gridville, nicolae_gozag_cash_rules_everything_around_me
D:5:      cheibrodos_barr_body, layout_basic, lightli_sewer_entry_pipes,
          serial_undead, serial_undead_e, serial_undead_e, serial_undead_d,
          serial_undead_a, serial_undead_c, serial_undead_f, serial_undead_a,
          serial_undead_e, gammafunk_ghost_icy, minmay_shop_enchanted_jewellery,
          serial_bayou_lagoon_a, grunt_tough_drop

Skill      XL: |  1  2  3  4  5  6 |
---------------+-------------------+-----
Fighting       | 4 5 6 7 |  7.0
Polearms       | |  3.0
Dodging        | |  3.0
Stealth        | |  2.5

Action                   |  1- 3 |  4- 6 || total
-------------------------+-------+-------++-------
Melee: Spear             |   105 |    55 ||   160
       Trident           |       |   195 ||   195
Throw: Dart              |       |     8 ||     8
  Use: Scroll            |     2 |     5 ||     7
       Potion            |       |     4 ||     4
 Stab: Sleeping          |     6 |    20 ||    26
Armor: Robe              |    23 |    68 ||    91
Dodge: Dodged            |    49 |   127 ||   176

Table legend: (Time is in decaauts)
 A = Elapsed time spent in this place.
 B = Non-inter-level travel time spent in this place.
 C = Inter-level travel time spent in this place.
 D = Time resting spent in this place.
 E = Time spent auto-exploring this place.
 F = Levels seen in this place.
 G = Mean time per level.
                   A        B        C        D        E       F      G
               +--------+--------+--------+--------+--------+-----+--------+
         Total |   3825 |   3775 |     50 |    373 |   2364 |   5 |  765.0 |
       Dungeon |   3825 |   3775 |     50 |    373 |   2364 |   5 |  765.0 |
               +--------+--------+--------+--------+--------+-----+--------+

Top non-repeatable levels by time:
     D:3: 1407 daAuts
     D:1: 950 daAuts
     D:2: 761 daAuts
     D:4: 662 daAuts
     D:5: 43 daAuts
